 Dungeon Crawl Stone Soup version 0.21-a0-528-gf531e82 (webtiles) character file.

269 Nirn the Chopper (level 5, 0/42 HPs)
             Began as a Demigod Fighter on Dec 8, 2017.
             Slain by a hound (4 damage)
             ... on level 4 of the Dungeon.
             The game lasted 00:13:31 (3721 turns).

Nirn the Chopper (Demigod Fighter)                  Turns: 3721, Time: 00:13:32

Health: 0/42       AC:  8    Str: 21    XL:     5   Next: 69%
Magic:  7/7        EV:  9    Int: 12    God:
Gold:   162        SH:  0    Dex: 20    Spells: 4/4 levels left

rFire    . . .     SeeInvis .   a - +1 war axe
rCold    . . .     Gourm    .   (no shield)
rNeg     . . .     Faith    .   b - +0 scale mail
rPois    .         Spirit   .   v - +0 helmet
rElec    .         Reflect  .   (no cloak)
rCorr    +         Harm     .   g - +0 pair of gloves
MR       .....                  (no boots)
Stlth    ..........             (no amulet)
HPRegen  0.14/turn              h - +5 ring of dexterity
MPRegen  0.10/turn              n - ring of resist corrosion

@: no status effects
A: high mp 1
a: no special abilities


You were on level 4 of the Dungeon.
You were not hungry.

You visited 1 branch of the dungeon, and saw 4 of its levels.

You collected 162 gold pieces.

Inventory:

Hand Weapons
 a - a +1 war axe (weapon)
 q - a +0 whip of freezing
 u - a +0 morningstar of protection
Missiles
 m - 8 tomahawks (quivered)
 s - 4 javelins
Armour
 b - a +0 scale mail (worn)
 c - a +0 shield
 g - a +0 pair of gloves (worn)
 p - a +1 helmet
 v - a +0 helmet (worn)
Jewellery
 h - a +5 ring of dexterity (left hand)
 n - a ring of resist corrosion (right hand)
Scrolls
 e - 7 scrolls of identify
 i - 2 scrolls of remove curse
 l - a scroll of teleportation
Potions
 d - 2 potions of might
 k - 3 potions of curing {unknown}
 r - a potion of haste {unknown}
 t - a potion of cancellation {unknown}
Comestibles
 f - 6 bread rations
 j - a meat ration
 o - a chunk of flesh


   Skills:
 - Level 2.6 Fighting
 + Level 5.8 Axes
 - Level 2.6 Armour
 - Level 2.6 Shields


You had 4 spell levels left.
You didn't know any spells.

Dungeon Overview and Level Annotations

Branches:
Dungeon (4/15)
 Temple: D:4-7

Annotations:
D:3 Grinder


Innate Abilities, Weirdness & Mutations

You have an increased reservoir of magic. (+10% MP)


Message History

The iguana is almost dead.
You hit the hound. The hound barely misses you. x2
The iguana bites you but does no damage.
Unknown command.
Okay, then.
Okay, then.
You slash the iguana!
You kill the iguana!
You hit the hound.
The hound bites you but does no damage. x2
Unknown command.
You hit the hound.
The hound is heavily wounded.
The hound bites you but does no damage. x2
Unknown command.
You hit the hound.
The hound is severely wounded.
The hound bites you.
* * * LOW HITPOINT WARNING * * *
The hound bites you.
You die...

#..###+###'####
#. #...##.....#
##.##.##.......+
#......#.......#
###..#####.....#
#......# #.....#
##.##.## #+#####
#......#
#.####@#
#....†h#
##.##.## ..
#......# ...
###..###
.....#......#
..?..##.##.##
.......#.#.l+##
h.............#


You could see a hound.

Vanquished Creatures
  2 jellies (D:3)
  An iguana (D:4)
  An orc wizard (D:3)
  3 adders
  9 oozes
  3 worms
  A dart slug (D:3)
  A leopard gecko (D:1)
  4 orcs (D:3)
  4 giant cockroaches
  9 goblins
  7 hobgoblins
  3 jackals (D:4)
  A quokka (D:2)
  A ball python (D:1)
  10 bats
  3 frilled lizards
  11 kobolds
  A leopard gecko skeleton (D:4)
  10 rats
85 creatures vanquished.

Vanquished Creatures (others)
  2 fungi (D:3)
  6 toadstools (D:3)
8 creatures vanquished.

Grand Total: 93 creatures vanquished

Notes
Turn   | Place    | Note
-------+----------+-------------------------------------------
     0 | D:1      | Nirn the Demigod Fighter began the quest for the Orb.
     0 | D:1      | Reached XP level 1. HP: 18/18 MP: 3/3
    57 | D:1      | Reached skill level 2 in Axes
   353 | D:1      | Reached XP level 2. HP: 21/25 MP: 4/4
  1156 | D:2      | Reached skill level 3 in Axes
  1242 | D:2      | You fall through a shaft for 2 floors!
  1282 | D:3      | Noticed Grinder
  1365 | D:2      | Reached XP level 3. HP: 23/30 MP: 5/5
  1457 | D:2      | Found a hide-covered altar of Uskayaw.
  1457 | D:2      | Found an ornate altar of the Wu Jian Council.
  1463 | D:2      | Found a white marble altar of Elyvilon.
  1465 | D:2      | Found a bloodstained altar of Trog.
  1467 | D:2      | Found a faded altar of an unknown god.
  1650 | D:2      | Found a glowing silver altar of Zin.
  2291 | D:3      | Reached skill level 4 in Axes
  2308 | D:3      | Reached XP level 4. HP: 19/37 MP: 6/6
  2720 | D:3      | Paralysed by Grinder for 6 turns
  2729 | D:3      | Paralysed by Grinder for 2 turns
  3153 | D:3      | Reached skill level 5 in Axes
  3189 | D:3      | Reached XP level 5. HP: 15/42 MP: 7/7
  3721 | D:4      | Slain by a hound

Vault maps used:
D:1:      dpeg_arrival_water_fire, minmay_tetromino_t2
D:2:      chequers_temple_overflow_minitemple, zin_scriptorium
D:3:      cheibrodos_fertilizer, first_bread, uniq_grinder
D:4:      lemuel_blue_sif_altar, minmay_temple_entry_hall,
          minmay_misc_feat_alley, hex_medium, dk_vineyard_3,
          grunt_decor_arrowhead

Skill      XL: |  1  2  3  4 |
---------------+-------------+-----
Axes           | 2 3 4 5 |  5.8
Fighting       | |  2.6
Armour         | |  2.6
Shields        | |  2.6

Action                   |  1- 3 |  4- 6 || total
-------------------------+-------+-------++-------
Melee: War axe           |   121 |   120 ||   241
Throw: Throwing net      |       |     2 ||     2
  Use: Scroll            |     6 |     3 ||     9
  Eat: Chunk             |     4 |     1 ||     5
       Meat ration       |       |     1 ||     1
Armor: Scale mail        |    71 |    57 ||   128
Dodge: Dodged            |    83 |    58 ||   141

Table legend:
 A = Spawn XP
 B = Non-spawn XP
 C = Spawn XP percentage of total XP
 D = Spawn monster count
 E = Non-spawn monster count
 F = Spawn count percentage of total count
 G = Total turns spent on level
                    A         B        C        D         E        F      G
               +---------+---------+-------+---------+---------+-------+---------
         Total |       0 |     385 |   0.0 |       0 |      85 |   0.0 |  3721
               +---------+---------+-------+---------+---------+-------+---------
           D:1 |       0 |      27 |   0.0 |       0 |      18 |   0.0 |  1087
           D:2 |       0 |      34 |   0.0 |       0 |      15 |   0.0 |  1338
           D:3 |       0 |     267 |   0.0 |       0 |      46 |   0.0 |  1181
           D:4 |       0 |      57 |   0.0 |       0 |       6 |   0.0 |   115
               +---------+---------+-------+---------+---------+-------+---------
